 Dungeon Crawl Stone Soup version 0.21-a0-251-g5e8393f (webtiles) character file.

231 roguesci the Ruffian (level 5, -1/42 HPs)
             Began as a Draconian Transmuter on Sept 5, 2017.
             Killed by miscasting Spider Form (8 damage)
             ... on level 3 of the Dungeon.
             The game lasted 00:08:51 (2875 turns).

roguesci the Ruffian (Draconian Transmuter)         Turns: 2875, Time: 00:08:52

Health: -1/42      AC:  7    Str: 12    XL:     5   Next: 73%
Magic:  6/9        EV: 12    Int: 15    God:
Gold:   52         SH:  3    Dex: 11    Spells: 6/10 levels left

rFire    . . .     SeeInvis .   f - +2 morningstar (crush)
rCold    . . .     Gourm    .   p - +0 buckler
rNeg     . . .     Faith    .   (armour unavailable)
rPois    .         Spirit   .   (helmet restricted)
rElec    .         Reflect  .   r - +0 cloak
rCorr    .         Harm     .   (no gloves)
MR       .....                  d - +0 pair of boots
Stlth    ++........             (no amulet)
HPRegen  0.14/turn              (no ring)
MPRegen  0.11/turn              (no ring)

@: very slightly contaminated
A: unfitting armour, cold-blooded, AC +5
a: no special abilities


You were on level 3 of the Dungeon.
You were not hungry.

You visited 1 branch of the dungeon, and saw 3 of its levels.

You collected 52 gold pieces.

Inventory:

Hand Weapons
 f - a +2 morningstar of crushing (weapon)
 n - a +2 dagger of speed
Missiles
 a - 12 arrows
 g - 79 stones (quivered)
Armour
 d - a +0 pair of boots (worn)
 p - a +0 buckler (worn)
 r - a +0 cloak (worn)
Jewellery
 h - a +2 ring of strength {unknown}
Wands
 x - a wand of acid (4/15)
Scrolls
 e - 2 scrolls of identify {unknown}
 k - 4 scrolls of fear {unknown}
 l - a scroll of teleportation {unknown}
 m - a scroll of enchant armour {unknown}
 s - a scroll of random uselessness {unknown}
 u - 2 scrolls of remove curse {unknown}
Potions
 i - a potion of invisibility {unknown}
 o - a potion of brilliance {unknown}
 q - a potion of lignification {unknown}
 t - 2 potions of haste {unknown}
 v - a potion of magic
 w - a potion of flight {unknown}
Books
 b - a book of Changes

   Spells                             Type                      Level
   a - Beastly Appendage              Transmutation                1
   b - Sticks to Snakes               Transmutation                2
   c - Spider Form                    Transmutation/Poison         3
   d - Ice Form                       Ice/Transmutation            4
   e - Blade Hands                    Transmutation                5
Comestibles
 c - 2 bread rations
 j - 2 meat rations
 z - 5 chunks of flesh


   Skills:
 * Level 2.7 Fighting
 * Level 2.9 Dodging
 + Level 2.1 Stealth
 * Level 1.6 Shields
 - Level 3.1 Unarmed Combat
 * Level 3.0 Spellcasting
 + Level 2.6 Transmutations


You had 6 spell levels left.
You knew the following spells:

 Your Spells              Type           Power        Failure   Level  Hunger
a - Beastly Appendage     Tmut           ##....       10%         1    #......
b - Spider Form           Tmut/Pois      #.........   43%         3    ###....


Dungeon Overview and Level Annotations

Branches:
Dungeon (3/15)

Altars:

Annotations:
D:3 Shiggs's ghost, amateur GrFi


Innate Abilities, Weirdness & Mutations

Your plain brown scales are hard. (AC +5)
You cannot fit into any form of body armour.
You are cold-blooded and may be slowed by cold attacks.


Message History

Here: Shiggs's ghost, wielding a weapon of electrocution (heavily damaged)
The floor.
You feel better. Shiggs's ghost hits you.
* * * LOW HITPOINT WARNING * * *
You hear the rapid rusting of a distant drain.
Shiggs's ghost says, "You will never get the ORB!"
There is a stone staircase leading up here.
You hear the rapid rusting of a very distant drain.
Shiggs's ghost hits you.
* * * LOW HITPOINT WARNING * * *
Okay, then.
Casting: Beastly Appendage
Confirm with . or Enter, or press ? or * to list all spells.
Okay, then.
Casting: Beastly Appendage
Confirm with . or Enter, or press ? or * to list all spells.
You miscast Spider Form.
You are very lightly contaminated with residual magic.
Your body is twisted painfully.
You die...

##########
#.@......#
#W######.#
#.######.##
.
#.##......#
.
#.##รท###..#
##. #.##.#
#..# #..
#.##.# #..#
#.. #.##.#
#..# #..
#.##.# #..#
#..


You could see Shiggs's ghost.

Vanquished Creatures
  A phantom (D:3)
  Terence (D:2)
  3 adders
  An ooze (D:3)
  2 worms (D:2)
  2 dart slugs (D:2)
  A leopard gecko (D:2)
  An orc (D:3)
  5 bats
  6 giant cockroaches
  5 goblins (D:2)
  8 hobgoblins
  11 jackals
  6 kobolds
  A ball python (D:1)
  4 frilled lizards
  11 rats
69 creatures vanquished.

Notes
Turn   | Place    | Note
-------+----------+-------------------------------------------
     0 | D:1      | roguesci the Draconian Transmuter began the quest for the Orb.
     0 | D:1      | Reached XP level 1. HP: 16/16 MP: 3/3
    99 | D:1      | Reached XP level 2. HP: 22/23 MP: 5/5
   817 | D:2      | Reached skill level 1 in Stealth
   855 | D:2      | Reached XP level 3. HP: 22/29 MP: 4/6
  1364 | D:2      | Noticed Terence
  1386 | D:2      | Killed Terence
  1386 | D:2      | Reached XP level 4. HP: 13/36 MP: 7/7
  1394 | D:2      | Learned a level 3 spell: Spider Form
  2219 | D:3      | Noticed a phantom
  2533 | D:3      | Killed a phantom
  2533 | D:3      | Reached skill level 1 in Shields
  2533 | D:3      | Reached XP level 5. HP: 23/42 MP: 9/9
  2808 | D:3      | Noticed Shiggs's ghost (amateur GrFi)
  2875 | D:3      | Killed by miscasting Spider Form

Vault maps used:
D:1:      lightli_iron_boxes
D:2:      kb_forest_paths, uniq_terence
D:3:      gup_sewer_entry_spiral

Skill      XL: |  1  2  3  4 |
---------------+-------------+-----
Dodging        | 2 |  2.9
Stealth        | 1 2 |  2.1
Fighting       | 2 |  2.7
Shields        | 1 |  1.6
Spellcasting   | 3 |  3.0
Unarmed Combat | |  3.1
Transmutations | |  2.6

Action                   |  1- 3 |  4- 6 || total
-------------------------+-------+-------++-------
Melee: Unarmed           |    56 |       ||    56
       Tailslap          |    16 |     6 ||    22
       Headbutt          |     5 |     2 ||     7
       Dagger            |    92 |     1 ||    93
       Morningstar       |       |   111 ||   111
 Cast: Beastly Appendage |     7 |     3 ||    10
  Use: Potion            |     3 |     1 ||     4
 Stab: Sleeping          |     4 |     2 ||     6
       Distracted        |       |     1 ||     1
  Eat: Chunk             |     2 |     5 ||     7
Armor: Skin              |    34 |    35 ||    69
Dodge: Dodged            |    70 |    63 ||   133
Block: Buckler           |     6 |    19 ||    25

Table legend:
 A = Spawn XP
 B = Non-spawn XP
 C = Spawn XP percentage of total XP
 D = Spawn monster count
 E = Non-spawn monster count
 F = Spawn count percentage of total count
 G = Total turns spent on level
                    A         B        C        D         E        F      G
               +---------+---------+-------+---------+---------+-------+---------
         Total |      32 |     299 |   9.7 |      10 |      59 |  14.5 |  2875
               +---------+---------+-------+---------+---------+-------+---------
           D:1 |       1 |      26 |   3.7 |       1 |      17 |   5.6 |   718
           D:2 |      31 |     102 |  23.3 |       9 |      30 |  23.1 |  1688
           D:3 |       0 |     171 |   0.0 |       0 |      12 |   0.0 |   469
               +---------+---------+-------+---------+---------+-------+---------
